 Dungeon Crawl Stone Soup version 0.21.0 (webtiles) character file.

14722 Timinator the Martial Artist (level 11, -5/142 HPs)
             Began as a Vampire Transmuter on Jan 16, 2018.
             Was an Elder of Kikubaaqudgha.
             Slain by Grum
             ... wielding a +1 spear of distortion
              (21 damage)
             ... on level 11 of the Dungeon.
             The game lasted 01:55:46 (10911 turns).

Timinator the Martial Artist (Vampire Transmuter)  Turns: 10911, Time: 01:55:49

Health: -5/142     AC: 25    Str: 11    XL:     11   Next: 92%
Magic:  20/20      EV:  2    Int: 17    God:    Kikubaaqudgha [****..]
Gold:   463        SH:  0    Dex: 17    Spells: 9/22 levels left

rFire    . . .     SeeInvis +     - Unarmed
rCold    . . .     Gourm    .   (no shield)
rNeg     + + +     Faith    .   (armour currently unavailable)
rPois    +         Spirit   .   (helmet currently unavailable)
rElec    .         Reflect  .   (cloak currently unavailable)
rCorr    .         Harm     .   (gloves currently unavailable)
MR       +....     NoTele   +   (boots currently unavailable)
Stlth    ++........             L - amulet of rage
HPRegen  0.53/turn              r - ring of flight
MPRegen  0.17/turn              z - +3 ring of evasion

@: lethally poisoned (-5 -> -5), tree-form, regenerating quickly, invisible
A: see invisible, robust 1, strong 1, wild magic 1
a: Receive Corpses, Renounce Religion, Evoke Berserk Rage


You were on level 11 of the Dungeon.
You worshipped Kikubaaqudgha.
Kikubaaqudgha was greatly pleased with you.
You were very full.
You were a tree.
You visited 2 branches of the dungeon, and saw 12 of its levels.

You collected 702 gold pieces.
You spent 239 gold pieces at shops.

Inventory:

Missiles
 I - 157 arrows
Armour
 f - a +0 pair of gloves (melded)
 v - a +0 robe (melded)
 x - a +3 ring mail
 B - a +2 pair of boots (melded)
 J - a +2 cloak (melded)
Jewellery
 a - an uncursed amulet of faith
 r - a ring of flight (left branch)
 z - a +3 ring of evasion (right branch)
 L - an amulet of rage (around neck)
Wands
 j - a wand of clouds (5)
 q - a wand of polymorph (19)
 u - a wand of acid (4)
Scrolls
 b - 2 scrolls of magic mapping {unknown}
 e - 3 scrolls of enchant weapon {unknown}
 h - 8 scrolls of teleportation
 n - 7 scrolls of amnesia
 o - 6 scrolls of enchant armour
 w - 2 scrolls of immolation {unknown}
 A - 6 scrolls of remove curse
 C - a scroll of blinking {unknown}
 E - 7 scrolls of identify
 G - 2 scrolls of fog {unknown}
 H - a scroll of vulnerability {unknown}
 M - a scroll of summoning
 P - a scroll of torment {unknown}
Potions
 d - 30 potions of blood
 i - 7 potions of curing
 k - 7 potions of flight
 l - 2 potions of mutation
 m - a potion of invisibility
 p - 3 potions of lignification
 s - a potion of ambrosia
 t - 2 potions of magic
 D - a potion of might
 F - a potion of cancellation
 K - a potion of haste
Books
 c - a book of Changes

   Spells                             Type                      Level
   a - Beastly Appendage              Transmutation                1
   b - Sticks to Snakes               Transmutation                2
   c - Spider Form                    Transmutation/Poison         3
   d - Ice Form                       Ice/Transmutation            4
   e - Blade Hands                    Transmutation                5
 y - Kikubaaqudgha's Collected Works on Evil Arts
   (Kikubaaqudgha gifted it to you on level 8 of the Dungeon)

   Spells                             Type                      Level
   a - Pain                           Necromancy                   1
   b - Corpse Rot                     Necromancy                   2
   c - Sublimation of Blood           Necromancy                   2
   d - Regeneration                   Charms/Necromancy            3
 N - Kikubaaqudgha's Handbook of Unholy Rituals
   (Kikubaaqudgha gifted it to you on level 10 of the Dungeon)

   Spells                             Type                      Level
   a - Animate Dead                   Necromancy                   4
   b - Bolt of Draining               Conjuration/Necromancy       5
   c - Borgnjor's Vile Clutch         Necromancy/Earth             5
   d - Dispel Undead                  Necromancy                   5
   e - Simulacrum                     Ice/Necromancy               6
Miscellaneous
 O - a lamp of fire


   Skills:
 * Level 8.6 Fighting
 * Level 10.0 Dodging
 * Level 10.4 Unarmed Combat
 + Level 6.3 Spellcasting
 * Level 4.5 Necromancy
 + Level 9.6 Transmutations


You had 9 spell levels left.
You knew the following spells:

 Your Spells              Type           Power        Failure   Level  Hunger
a - Beastly Appendage     Tmut           #####.       1%          1    None
b - Blade Hands           Tmut           #####.....   10%         5    #####..
c - Ice Form              Ice/Tmut       ####....     24%         4    ####...
d - Regeneration          Chrm/Necr      ###.......   21%         3    ##.....


Dungeon Overview and Level Annotations

Branches:
Dungeon (11/15)            Temple (1/1) D:4            Lair (0/6) D:8
    Orc (0/2) D:10

Altars:
Ashenzari
Cheibriados
Dithmenos
Elyvilon
Fedhas
Gozag
Hepliaklqana
Kikubaaqudgha
Makhleb
Nemelex Xobeh
Okawaru
Qazlal
Ru
Sif Muna
Trog
Uskayaw
Vehumet
Wu Jian
Xom
Yredelemnul
Zin
The Shining One

Shops:
D:4 ?   D:6 }*[}?   D:10 }

Annotations:
D:11 Grum


Innate Abilities, Weirdness & Mutations

Your natural rate of healing is unusually fast.
((You have razor-sharp teeth.))
You have supernaturally acute eyesight. (SInv)
((You can survive without breathing.))
You are robust. (+10% HP)
Your muscles are strong. (Str +2)
Your spells are a little harder to cast, but a little more powerful.


Message History

You feel much better.
The worker ant zombie bites you but does no damage.
The centaur warrior skeleton hits you but does no damage.
The cyclops hits you but does no damage.
Grum hits you but does no damage.
You feel a strange sense of stasis.
You feel much better.
The worker ant zombie bites you but does no damage.
The centaur warrior skeleton hits you but does no damage.
Grum hits you but does no damage. Space warps horribly around you!
* * * LOW HITPOINT WARNING * * *
The cyclops hits you!
* * * LOW HITPOINT WARNING * * *
You fade into invisibility!
You feel sick.
The centaur warrior skeleton hits you but does no damage.
The worker ant zombie completely misses you.
Grum stares intently and barks.
Grum hits you but does no damage. Space warps horribly around you!
You die...
Kikubaaqudgha rasps: "You have failed me!
Welcome... oblivion!"

...........)((...(..# #.........
...........)%.......####..######.
...%######..#####.........# #.
....# #..# #.).#####.# #. ....#
#.## ##©## ########. ....#
####### ### ## #...... ....#
##...#####...## #..... ....##
#.....Z©......# ###### ......
#...#.♣C)...#... # ...... #
##Z###.## ###### .####. #.hg ..#
#..... .# .....# ... #..... .#
.###.## ###. #..... .# # ... #
#####. .## ..u #. ... #c# #. ...
..#.. #.. #.


You could see a purple ugly thing, a centaur warrior, a cyclops, Grum, a wolf, a
worker ant zombie and a centaur warrior skeleton.

Vanquished Creatures
  A centaur warrior (D:11)
  2 two-headed ogres
  An unseen horror (D:10)
  A deep elf mage (D:11)
  Pikel (D:4)
  An ugly thing (D:11)
  A troll (D:11)
  A meliai (D:11)
  A slime creature (D:11)
  A hippogriff (D:10)
  2 shadows (D:11)
  A spriggan (D:10)
  Sigmund (D:4)
  3 wraiths
  A human (D:10)
  9 yaks
  3 wyverns
  Menkaure (D:4)
  A swamp drake (D:10)
  Purgy (D:3)
  2 ice beasts
  7 orc warriors
  2 phantoms
  2 sky beasts
  2 necrophages (D:7)
  7 ogres
  2 wolves (D:11)
  5 centaurs
  4 big kobolds
  An elf zombie (D:7)
  A gnoll sergeant (D:6)
  10 bullfrogs
  An elf skeleton (D:7)
  4 scorpions
  6 killer bees (D:11)
  9 wights
  A howler monkey (D:5)
  3 crimson imps
  A bullfrog zombie (D:11)
  2 centaur zombies
  6 hounds
  A quasit (D:5)
  3 human zombies (D:7)
  5 orc priests
  A bullfrog skeleton (D:5)
  3 centaur skeletons
  3 iron imps (D:8)
  4 jellies
  Ijyb (D:2)
  An iguana (D:9)
  8 orc wizards
  8 worker ants
  A hound zombie (D:9)
  2 hound skeletons
  2 mummies
  2 worker ant zombies
  6 gnolls (D:6)
  15 adders
  2 shadow imps
  An adder zombie (D:5)
  3 adder skeletons
  2 worms
  2 dart slugs
  6 leopard geckos
  64 orcs
  8 bats
  4 giant cockroaches
  7 goblins
  7 hobgoblins
  15 jackals
  26 kobolds
  5 quokkas
  3 ball pythons
  3 frilled lizards (D:2)
  A giant cockroach zombie (D:5)
  A goblin skeleton (D:5)
  A goblin zombie (D:5)
  5 hobgoblin zombies (D:5)
  A kobold skeleton (D:5)
  4 kobold zombies
  3 orc skeletons
  3 orc zombies
  11 rats
366 creatures vanquished.

Vanquished Creatures (others)
  3 gnolls (D:4)
  A giant cockroach (D:4)
4 creatures vanquished.

Grand Total: 370 creatures vanquished

Notes
Turn   | Place    | Note
-------+----------+-------------------------------------------
     0 | D:1      | Timinator the Vampire Transmuter began the quest for the Orb.
     0 | D:1      | Reached XP level 1. HP: 14/14 MP: 3/3
    43 | D:1      | Reached skill level 1 in Fighting
   158 | D:1      | Reached XP level 2. HP: 22/22 MP: 5/5
   862 | D:2      | Reached XP level 3. HP: 21/27 MP: 6/6
  1209 | D:2      | Reached XP level 4. HP: 24/34 MP: 7/7
  1400 | D:2      | Gained mutation: Your muscles are strong. (Str +2) [potion of mutation]
  1400 | D:2      | Gained mutation: Your spells are a little harder to cast, but a little more powerful. [potion of mutation]
  1400 | D:2      | Gained mutation: You are robust. (+10% HP) [potion of mutation]
  1582 | D:2      | Noticed a hand axe
  1583 | D:2      | Noticed an enchanted dagger
  1590 | D:2      | Found a hide-covered altar of Uskayaw.
  1790 | D:3      | Noticed Ijyb
  1862 | D:2      | Killed Ijyb
  2118 | D:3      | Reached XP level 5. HP: 39/42 MP: 6/8
  2454 | D:3      | Noticed Purgy
  2466 | D:3      | Killed Purgy
  2466 | D:3      | Reached XP level 6. HP: 51/51 MP: 10/10
  2473 | D:3      | Learned a level 5 spell: Blade Hands
  2478 | D:3      | Learned a level 4 spell: Ice Form
  2745 | D:4      | Noticed a slave
  2767 | D:4      | Noticed Pikel
  2772 | D:4      | Noticed a slave
  2778 | D:4      | Noticed a slave
  2779 | D:4      | Killed Pikel
  2779 | D:4      | Reached skill level 5 in Unarmed Combat
  2779 | D:4      | Reached XP level 7. HP: 26/59 MP: 9/12
  2852 | D:4      | Found a staircase to the Ecumenical Temple.
  2859 | Temple   | Entered the Ecumenical Temple
  3258 | D:4      | Found a stormy altar of Qazlal.
  3294 | D:4      | Got an ichor-stained leather armour
  3319 | D:4      | Noticed Sigmund
  3359 | D:4      | Killed Sigmund
  3359 | D:4      | Reached XP level 8. HP: 67/67 MP: 8/13
  3365 | D:4      | Noticed Menkaure
  3375 | D:4      | Killed Menkaure
  3375 | D:4      | Reached skill level 5 in Dodging
  3375 | D:4      | Reached skill level 5 in Transmutations
  3462 | D:4      | Found Lavumu's Magic Scroll Boutique.
  3472 | D:4      | Bought a scroll of identify for 20 gold pieces
  3472 | D:4      | Identified the +1 leather armour of Puilirem {Str+7} (You found it on level 4 of the Dungeon)
  3899 | D:5      | Entered Level 5 of the Dungeon
  4097 | D:5      | Found a glowing golden altar of the Shining One.
  4284 | D:5      | Found a sacrificial altar of Ru.
  4394 | D:5      | Reached skill level 5 in Fighting
  4933 | D:6      | Found Fyowoa's Magic Scroll Shoppe.
  4945 | D:6      | Bought a scroll of enchant armour for 82 gold pieces
  5001 | D:6      | Found Textata's Gadget Shoppe.
  5033 | D:6      | Found Uclat's General Store.
  5125 | D:6      | Found Exkeufun's Gadget Shop.
  5161 | D:6      | Got a sheer robe
  5287 | D:6      | Bought a scroll of identify for 22 gold pieces
  5287 | D:6      | Bought 3 scrolls of identify for 66 gold pieces
  5287 | D:6      | Identified the +1 robe "Tutz" {rC+} (You found it on level 6 of the Dungeon)
  5543 | D:6      | Reached XP level 9. HP: 63/74 MP: 15/15
  5849 | D:6      | Found Kuxaez's Armour Boutique.
  5852 | D:6      | Bought a +0 cloak for 49 gold pieces
  6763 | D:7      | Found a sparkling altar of Nemelex Xobeh.
  6988 | D:7      | Found an ancient bone altar of Kikubaaqudgha.
  7007 | D:7      | Became a worshipper of Kikubaaqudgha
  7587 | D:8      | Reached * piety under Kikubaaqudgha
  7587 | D:8      | Identified Kikubaaqudgha's Collected Works on Evil Arts (Kikubaaqudgha gifted it to you on level 8 of the Dungeon)
  7587 | D:8      | Received a gift from Kikubaaqudgha
  7654 | D:8      | Reached skill level 5 in Spellcasting
  7681 | D:8      | Found a burning altar of Makhleb.
  7720 | D:8      | Reached XP level 10. HP: 82/82 MP: 8/17
  7852 | D:8      | Found a staircase to the Lair.
  7955 | D:8      | Noticed a two-headed ogre
  7979 | D:8      | Killed a two-headed ogre
  8236 | D:9      | Found an iron altar of Okawaru.
  8714 | D:9      | Found a shadowy altar of Dithmenos.
  8715 | D:9      | Found a bloodstained altar of Trog.
  8715 | D:9      | Found a white marble altar of Elyvilon.
  8720 | D:9      | Reached ** piety under Kikubaaqudgha
  8721 | D:9      | Noticed a two-headed ogre
  8733 | D:9      | Found a glowing silver altar of Zin.
  9088 | D:9      | Learned a level 3 spell: Regeneration
  9099 | D:10     | Entered Level 10 of the Dungeon
  9124 | D:10     | Found Geazoo's Gadget Emporium.
  9348 | D:10     | Reached skill level 1 in Necromancy
  9445 | D:10     | Noticed an unseen horror
  9451 | D:10     | Killed an unseen horror
  9514 | D:10     | Reached XP level 11. HP: 81/90 MP: 13/19
  9517 | D:10     | Reached *** piety under Kikubaaqudgha
  9517 | D:10     | Identified Kikubaaqudgha's Handbook of Unholy Rituals (Kikubaaqudgha gifted it to you on level 10 of the Dungeon)
  9517 | D:10     | Received a gift from Kikubaaqudgha
  9529 | D:10     | Found a staircase to the Orcish Mines.
  9730 | D:10     | Noticed a two-headed ogre
  9737 | D:10     | Killed a two-headed ogre
 10380 | D:11     | Noticed a white ugly thing
 10383 | D:11     | Reached **** piety under Kikubaaqudgha
 10390 | D:11     | Killed a white ugly thing
 10390 | D:11     | Reached skill level 10 in Unarmed Combat
 10664 | D:11     | Noticed a deep elf mage
 10665 | D:11     | Noticed a centaur warrior
 10680 | D:11     | Killed a deep elf mage
 10689 | D:11     | Killed a centaur warrior
 10837 | D:11     | Found a transporter.
 10837 | D:11     | Noticed a centaur warrior
 10845 | D:11     | Noticed a purple ugly thing
 10880 | D:11     | Reached skill level 10 in Dodging
 10908 | D:11     | Noticed Grum
 10911 | D:11     | Slain by Grum

Skill      XL: |  1  2  3  4  5  6  7  8  9 10 11 |
---------------+----------------------------------+-----
Fighting       | 1 2 3 4 5 6 7 8 |  8.6
Dodging        | 3 4 6 7 8 10 | 10.0
Unarmed Combat | 4 5 6 8 9 10 | 10.4
Spellcasting   | 3 4 5 6 |  6.3
Transmutations | 3 4 6 7 8 9 |  9.6
Necromancy     | 1 4 |  4.5

Action                   |  1- 3 |  4- 6 |  7- 9 | 10-12 || total
-------------------------+-------+-------+-------+-------++-------
Melee: Unarmed           |   216 |   167 |   594 |   439 ||  1416
       Bite              |     9 |    14 |    79 |    40 ||   142
       Punch             |     3 |     4 |    19 |    23 ||    49
       Headbutt          |     2 |     6 |    43 |     5 ||    56
       Kick              |     6 |    21 |     1 |       ||    28
Throw: Tomahawk          |     3 |       |     3 |       ||     6
 Cast: Beastly Appendage |     5 |    17 |    23 |     8 ||    53
       Ice Form          |       |       |     1 |     1 ||     2
       Blade Hands       |       |       |     4 |    27 ||    31
 Abil: Evoke Flight      |       |       |     2 |       ||     2
       End Transformatio |       |       |       |     1 ||     1
Evoke: Wand              |       |       |     1 |       ||     1
  Use: Potion            |     1 |     7 |     9 |    19 ||    36
       Scroll            |       |     7 |     4 |     8 ||    19
 Stab: Sleeping          |     5 |     1 |     1 |       ||     7
       Distracted        |       |       |       |     1 ||     1
       Confused          |       |       |       |     1 ||     1
  Eat: Corpse            |     7 |     8 |    14 |    16 ||    45
Armor: Robe              |    53 |    16 |     3 |    55 ||   127
       Skin              |       |    15 |     1 |    64 ||    80
       Ring mail         |       |       |   122 |       ||   122
Dodge: Dodged            |   131 |   106 |   406 |   421 ||  1064
